 Dungeon Crawl Stone Soup version 0.29-a0-219-g0a02b1cf4f (webtiles) character file.

Game seed: 611455902439569167

95 mopl the Sneak (level 4, -1/31 HPs)
             Began as an Octopode Delver on Feb 25, 2022.
             Slain by an iguana (13 damage)
             ... on level 4 of the Dungeon.
             The game lasted 00:03:00 (3396 turns).

mopl the Sneak (Octopode Delver)                    Turns: 3396, Time: 00:03:01

Health: -1/31      AC:  1    Str: 11    XL:     4   Next: 65%
Magic:  4/4        EV: 13    Int: 14    God:
Gold:   116        SH:  0    Dex: 13    Spells: 3/3 levels left

rFire   . . .      SeeInvis .   a - +0 falchion
rCold   . . .      Faith    .   (no shield)
rNeg    + . .      Spirit   .   (helmet restricted)
rPois   .          Reflect  .   (no amulet)
rElec   .          Harm     .   v - ring of positive energy
rCorr   .          Rampage  .   (no ring)
Will    .....                   (no ring)
Stlth   ++++......              (no ring)
HPRegen 0.10/turn               (no ring)
MPRegen 0.09/turn               (no ring)
                                (no ring)
                                (no ring)

@: no status effects
A: almost no armour, amphibious, 8 rings, camouflage 1, gelatinous body 1,
(nimble swimmer 1), tentacles
a: no special abilities


You were on level 4 of the Dungeon.
You visited 1 branch of the dungeon, and saw 5 of its levels.

You collected 116 gold pieces.

Inventory:

Hand Weapons
 a - a +0 falchion (weapon)
 k - a +0 hand axe of flaming
Missiles
 g - 5 boomerangs (quivered)
Armour
 u - an orb of energy
Jewellery
 v - a ring of positive energy (left tentacle)
Wands
 f - a wand of digging (3)
Scrolls
 b - 3 scrolls of fog
 c - a scroll of magic mapping
 d - 2 scrolls of fear
 h - a scroll of teleportation {unknown}
 m - 2 scrolls of enchant weapon {unknown}
 n - a scroll of enchant armour {unknown}
 p - a scroll of identify {unknown}
 q - 2 scrolls of torment {unknown}
 r - a scroll of noise {unknown}
 t - a scroll of holy word {unknown}
Potions
 e - a potion of haste
 i - a potion of mutation {unknown}
 j - 2 potions of lignification {unknown}
 l - a potion of cancellation {unknown}
 o - 2 potions of attraction {unknown}
 s - a potion of invisibility {unknown}
 w - a potion of curing {unknown}
 x - a potion of flight {unknown}


   Skills:
 + Level 3.4 Fighting
 * Level 3.2 Long Blades
 + Level 0.0 Throwing
 + Level 2.5 Dodging
 + Level 7.1 Stealth
 + Level 1.5 Evocations


You had 3 spell levels left.
You didn't know any spells.
Your spell library contained the following spells:

 Spells                   Type           Power      Damage    Failure   Level
 Foxfire                  Conj/Fire      0%         2x1d4     28%         1
 Magic Dart               Conj           0%         1d3       28%         1
 Call Imp                 Summ           0%         N/A       41%         2
 Conjure Flame            Conj/Fire      0%         6-21      65%         3
 Inner Flame              Hex/Fire       0%         N/A       65%         3
 Mephitic Cloud           Conj/Pois/Air  0%         N/A       65%         3
 Flame Wave               Conj/Fire      0%         2d4       96%         4


Dungeon Overview and Level Annotations

Branches:
Dungeon (5/15)
 Temple: D:4-7

Altars:
Qazlal


Innate Abilities, Weirdness & Mutations

You cannot wear most types of armour.
You are amphibious.
You can wear up to eight rings at the same time.
Your skin changes colour to match your surroundings (Stealth+).
Your rubbery body absorbs attacks. (AC +1, EV +1)
((You are camouflaged when in or above water. (Stealth+)))
You have tentacles for arms and can constrict up to eight enemies at once.


Message History

Done exploring.
Done exploring.
(D) Dungeon
Where to? (Enter - D:3, ? - help)
What level of the Dungeon? (default 1, ? - help)
There is a stone staircase leading down here.
You climb downwards.
Found a leather armour and a hunting sling.
There is a stone staircase leading up here.
There are monsters nearby!
The kobold shouts!
The kobold misses you.
You hit the kobold.
You kill the kobold!
No target in view!
No target in view!
Things that are here:
a +0 club; 5 stones No target in view!
The helpless iguana fails to defend itself.
You hit the iguana. Your grab misses the iguana.
The iguana is moderately wounded.
The iguana completely misses you.
You closely miss the iguana. You grab the iguana.
The iguana is moderately wounded.
You constrict the iguana, but do no damage.
The iguana closely misses you. The iguana bites you!
You hit the iguana.
The iguana is moderately wounded.
You constrict the iguana, but do no damage.
The iguana closely misses you.
You hit the iguana but do no damage.
The iguana is moderately wounded.
You constrict the iguana. The iguana bites you.
You are too injured to fight recklessly!
You are too injured to fight recklessly!
You hit the iguana.
The iguana is heavily wounded.
You constrict the iguana. The iguana bites you!
You die...

....<.# ......# ......#
......# ..
......################..
........................
.........................
..#............l.)........o
####....>.......@...........
#.......................#
##.....................#
##...................#
##.....!............#
##.................#
##..........<.....##
#................##
##................##


You could see an iguana.

Vanquished Creatures
  3 gnolls
  2 adders (D:2)
  A worm (D:2)
  2 dart slugs
  3 ball pythons
  3 bats
  5 endoplasms
  2 giant cockroaches (D:1)
  2 goblins
  4 hobgoblins
  A quokka (D:1)
  3 frilled lizards
  7 kobolds
  3 rats
41 creatures vanquished.

Notes
Turn   | Place    | Note
-------+----------+-------------------------------------------
     0 | D:5      | mopl the Octopode Delver began the quest for the Orb.
     0 | D:5      | Reached XP level 1. HP: 16/16 MP: 1/1
    48 | D:5      | Found a stormy altar of Qazlal.
    71 | D:5      | Noticed an ice beast
    99 | D:4      | Noticed an iguana
   403 | D:2      | Reached XP level 2. HP: 21/21 MP: 2/2
   641 | D:2      | Reached skill level 1 in Evocations
   641 | D:2      | Reached XP level 3. HP: 20/26 MP: 3/3
  2023 | D:2      | Reached XP level 4. HP: 25/31 MP: 4/4
  2134 | D:1      | Reached skill level 3 in Long Blades
  2134 | D:1      | Reached skill level 7 in Stealth
  2992 | D:3      | Found a faded altar of an unknown god.
  3396 | D:4      | Slain by an iguana

Illustrated notes

Levels and vault maps discovered:
D:1:      dpeg_arrival_rooms_a, layout_basic
D:2:      layout_rooms
D:3:      layout_basic, chequers_ecumenical_altar_lobes,
          kennysheep_generic_room_6
D:4:      layout_layer_cave, uniq_crazy_yiuf_cottage, uniq_sigmund
D:5:      layout_basic, nicolae_qazlal_eye_of_the_storm

Skill      XL: |  1  2  3  4 |
---------------+-------------+-----
Evocations     | 1 |  1.5
Long Blades    | 3 |  3.2
Stealth        | 7 |  7.1
Fighting       | |  3.4
Dodging        | |  2.5

Action                   |  1- 3 |  4- 6 || total
-------------------------+-------+-------++-------
Melee: Falchion          |    67 |    25 ||    92
       Constrict         |    14 |     7 ||    21
       Tentacles         |    11 |     6 ||    17
       Punch             |     1 |       ||     1
 Stab: Sleeping          |    17 |     5 ||    22
Armor: Skin              |     4 |     3 ||     7
Dodge: Dodged            |    40 |    21 ||    61

Table legend: (Time is in decaauts)
 A = Elapsed time spent in this place.
 B = Non-inter-level travel time spent in this place.
 C = Inter-level travel time spent in this place.
 D = Time resting spent in this place.
 E = Time spent auto-exploring this place.
 F = Levels seen in this place.
 G = Mean time per level.
                   A        B        C        D        E       F      G
               +--------+--------+--------+--------+--------+-----+--------+
         Total |   3412 |   3253 |    159 |    962 |   1702 |   5 |  682.4 |
       Dungeon |   3412 |   3253 |    159 |    962 |   1702 |   5 |  682.4 |
               +--------+--------+--------+--------+--------+-----+--------+

Top non-repeatable levels by time:
     D:1: 1127 daAuts
     D:2: 1099 daAuts
     D:3: 1048 daAuts
     D:5: 99 daAuts
     D:4: 39 daAuts
